[ AOE2 MATCH · #507180482 ]
UnrankedWei vs Poles
Player's team · LOSS
Rival team · WIN
[ REPLAY ANALYSIS · EXTRACTED FROM THE RECORDED GAME ]
Feudal
8:58
Castle
20:47
Imperial
36:25
| APM avg | 42.0 |
| APM peak | 83 |
| eAPM avg | 24.1 |
| Villagers / military | 89 / 6 |
Focus
⚔️ 21.9% · 🌾 78.1%
Unknown (1952) ×16 · Unknown (1949) ×10 · Monk ×3 · Battering Ram ×3
Feudal
9:01
Castle
21:59
Imperial
34:19
| APM avg | 46.8 |
| APM peak | 84 |
| eAPM avg | 28.5 |
| Villagers / military | 156 / 98 |
Focus
⚔️ 38.0% · 🌾 62.0%
Knight ×77 · Monk ×15 · Trebuchet (Packed) ×6
Match map
Initial resources + every placement click. Lines = walls · curves = elevation contours. ◆ gold · ⬟ stone · ● berries · ✦ relic · ◌ wall gap
Your base· ✓ Closed at 20:47 · 9t walls · 3 gate(s)
Mcriddler's base· ✓ Closed at 21:59 · 33t walls · 3 gate(s)
Smoothed initial terrain · ◌ = detected wall gap · hover for details
Inputs per minute
— YAYA - - Mcriddler
Build order — YAYA
First 150 of 219 actions detected
| 0:01 | Queue | Villager (Male) ×4 |
| 0:02 | Build | House |
| 0:04 | Build | House |
| 1:35 | Queue | Villager (Male) |
| 1:35 | Queue | Villager (Male) |
| 2:03 | Queue | Villager (Male) |
| 2:03 | Queue | Villager (Male) |
| 2:11 | Build | House |
| 2:31 | Queue | Villager (Male) |
| 2:31 | Queue | Villager (Male) |
| 2:37 | Build | Lumber Camp |
| 2:41 | Build | House |
| 2:49 | Build | House |
| 2:57 | Queue | Villager (Male) |
| 2:57 | Queue | Villager (Male) |
| 2:57 | Queue | Villager (Male) |
| 3:35 | Queue | Villager (Male) |
| 3:35 | Queue | Villager (Male) |
| 3:35 | Queue | Villager (Male) |
| 4:16 | Queue | Villager (Male) |
| 4:16 | Queue | Villager (Male) |
| 5:03 | Queue | Villager (Male) |
| 5:03 | Queue | Villager (Male) |
| 5:06 | Build | Mill |
| 5:34 | Queue | Villager (Male) |
| 5:35 | Queue | Villager (Male) |
| 6:48 | Research | Feudal Age |
| 6:48 | Research | Feudal Age |
| 6:55 | Build | House |
| 7:05 | Build | House |
| 8:12 | Queue | Villager (Male) |
| 8:12 | Queue | Villager (Male) |
| 8:58 | Age | Feudal Age |
| 8:59 | Research | Double-Bit Axe |
| 9:01 | Research | Horse Collar |
| 9:49 | Queue | Villager (Male) |
| 9:49 | Queue | Villager (Male) |
| 9:56 | Queue | Villager (Male) |
| 10:12 | Build | Watch Tower |
| 10:20 | Build | Mining Camp |
| 10:38 | Build | Palisade Wall |
| 10:48 | Queue | Villager (Male) |
| 11:06 | Queue | Villager (Male) |
| 11:37 | Queue | Villager (Male) |
| 12:07 | Build | Blacksmith |
| 12:09 | Queue | Villager (Male) |
| 12:18 | Queue | Villager (Male) |
| 12:19 | Build | Farm |
| 12:22 | Build | House |
| 12:26 | Build | Farm |
| 12:50 | Build | Watch Tower |
| 13:03 | Research | Loom |
| 13:17 | Research | Fletching |
| 13:17 | Research | Fletching |
| 13:30 | Queue | Villager (Male) |
| 13:37 | Build | Farm |
| 13:37 | Build | Farm |
| 13:38 | Build | Farm |
| 13:40 | Build | Farm |
| 14:04 | Queue | Villager (Male) |
| 14:26 | Build | Market |
| 14:32 | Queue | Villager (Male) |
| 15:10 | Queue | Villager (Male) |
| 15:25 | Build | Barracks |
| 15:38 | Build | Farm |
| 15:54 | Build | Farm |
| 15:55 | Build | Farm |
| 16:18 | Queue | Villager (Male) |
| 17:37 | Build | Mining Camp |
| 18:07 | Research | Castle Age |
| 18:07 | Research | Castle Age |
| 18:19 | Build | House |
| 18:23 | Build | Palisade Wall |
| 18:55 | Research | Stone Mining |
| 20:41 | Queue | Villager (Male) |
| 20:47 | Age | Castle Age |
| 21:17 | Build | Castle |
| 21:26 | Queue | Villager (Male) |
| 21:27 | Queue | Villager (Male) |
| 22:03 | Queue | Unit 1949 |
| 22:20 | Build | Town Center |
| 22:30 | Queue | Villager (Male) |
| 22:43 | Build | Mining Camp |
| 23:24 | Build | Farm |
| 23:41 | Build | Farm |
| 23:58 | Build | Farm |
| 23:59 | Build | Farm |
| 24:00 | Queue | Villager (Male) |
| 24:23 | Build | Siege Workshop |
| 24:35 | Queue | Unit 1949 |
| 24:43 | Queue | Unit 1949 |
| 25:04 | Queue | Battering Ram |
| 25:06 | Queue | Villager (Male) |
| 25:14 | Queue | Unit 1949 |
| 25:14 | Queue | Unit 1949 |
| 25:20 | Build | Farm |
| 25:21 | Build | Farm |
| 25:24 | Build | Farm |
| 25:29 | Build | Farm |
| 25:50 | Build | Farm |
| 26:09 | Queue | Villager (Male) |
| 26:12 | Queue | Villager (Male) |
| 26:30 | Queue | Battering Ram |
| 26:39 | Research | Scale Barding Armor |
| 26:50 | Queue | Villager (Male) |
| 26:51 | Queue | Villager (Male) |
| 27:23 | Queue | Villager (Male) |
| 27:32 | Build | Monastery |
| 27:37 | Queue | Villager (Male) |
| 27:48 | Queue | Unit 1949 |
| 27:51 | Queue | Villager (Male) |
| 28:10 | Queue | Battering Ram |
| 28:11 | Queue | Villager (Male) |
| 28:13 | Queue | Unit 1949 |
| 28:16 | Queue | Villager (Male) |
| 28:19 | Build | Mill |
| 28:20 | Build | Farm |
| 28:21 | Build | Farm |
| 28:21 | Build | Farm |
| 28:21 | Build | Farm |
| 28:22 | Build | Farm |
| 28:22 | Build | Farm |
| 28:22 | Build | Farm |
| 28:23 | Build | Farm |
| 28:32 | Build | Farm |
| 28:36 | Queue | Monk |
| 29:00 | Build | Farm |
| 29:01 | Queue | Villager (Male) |
| 29:18 | Queue | Villager (Male) |
| 29:20 | Queue | Villager (Male) |
| 29:21 | Queue | Villager (Male) |
| 29:23 | Build | Farm |
| 29:23 | Build | Farm |
| 29:24 | Build | Farm |
| 29:25 | Queue | Villager (Male) |
| 29:47 | Queue | Villager (Male) |
| 30:08 | Queue | Villager (Male) |
| 30:16 | Research | Bow Saw |
| 30:17 | Research | Bow Saw |
| 30:19 | Queue | Villager (Male) |
| 30:21 | Build | Farm |
| 30:37 | Queue | Villager (Male) |
| 30:54 | Research | Forging |
| 30:56 | Queue | Villager (Male) |
| 30:58 | Build | House |
| 30:59 | Build | House |
| 31:00 | Build | House |
| 31:12 | Build | Farm |
| 31:14 | Queue | Villager (Male) |
| 31:15 | Queue | Villager (Male) |
Build order — Mcriddler
First 150 of 395 actions detected
| 0:00 | Queue | Villager (Male) |
| 0:01 | Queue | Villager (Male) |
| 0:01 | Queue | Villager (Male) |
| 0:02 | Build | House |
| 0:03 | Build | House |
| 0:28 | Queue | Villager (Male) |
| 0:28 | Queue | Villager (Male) |
| 1:25 | Queue | Villager (Male) |
| 1:25 | Queue | Villager (Male) |
| 1:26 | Build | Lumber Camp |
| 1:53 | Queue | Villager (Male) |
| 2:25 | Queue | Villager (Male) |
| 2:25 | Queue | Villager (Male) |
| 2:53 | Queue | Villager (Male) |
| 2:53 | Queue | Villager (Male) |
| 3:10 | Build | House |
| 3:30 | Queue | Villager (Male) |
| 4:02 | Queue | Villager (Male) |
| 4:12 | Queue | Villager (Male) |
| 4:13 | Queue | Villager (Male) |
| 4:18 | Build | Mill |
| 4:57 | Queue | Villager (Male) |
| 4:57 | Queue | Villager (Male) |
| 4:57 | Queue | Villager (Male) |
| 4:57 | Queue | Villager (Male) |
| 6:15 | Research | Loom |
| 6:51 | Research | Feudal Age |
| 7:07 | Build | Mining Camp |
| 8:39 | Queue | Villager (Male) |
| 8:39 | Queue | Villager (Male) |
| 8:53 | Build | Palisade Wall |
| 9:01 | Age | Feudal Age |
| 9:02 | Build | Watch Tower |
| 9:07 | Queue | Villager (Male) |
| 9:07 | Queue | Villager (Male) |
| 9:07 | Queue | Villager (Male) |
| 9:33 | Research | Double-Bit Axe |
| 9:33 | Research | Double-Bit Axe |
| 9:58 | Queue | Villager (Male) |
| 9:58 | Queue | Villager (Male) |
| 10:05 | Build | House |
| 10:06 | Build | House |
| 10:10 | Queue | Villager (Male) |
| 10:38 | Build | Blacksmith |
| 11:30 | Research | Fletching |
| 11:30 | Research | Fletching |
| 11:42 | Build | Watch Tower |
| 11:54 | Build | Palisade Wall |
| 11:58 | Build | Palisade Wall |
| 12:05 | Build | Palisade Wall |
| 12:15 | Build | Palisade Wall |
| 12:17 | Queue | Villager (Male) |
| 12:18 | Queue | Villager (Male) |
| 12:18 | Queue | Villager (Male) |
| 12:24 | Build | Lumber Camp |
| 13:06 | Queue | Villager (Male) |
| 13:06 | Queue | Villager (Male) |
| 13:07 | Queue | Villager (Male) |
| 13:11 | Build | Mill |
| 13:31 | Queue | Villager (Male) |
| 13:31 | Queue | Villager (Male) |
| 13:36 | Build | Farm |
| 13:39 | Build | Farm |
| 13:40 | Build | Farm |
| 14:27 | Queue | Villager (Male) |
| 14:28 | Queue | Villager (Male) |
| 14:28 | Queue | Villager (Male) |
| 15:04 | Build | Watch Tower |
| 15:18 | Build | Palisade Wall |
| 15:28 | Queue | Villager (Male) |
| 15:28 | Queue | Villager (Male) |
| 15:28 | Queue | Villager (Male) |
| 15:29 | Queue | Villager (Male) |
| 15:37 | Build | Mining Camp |
| 15:56 | Queue | Villager (Male) |
| 15:57 | Queue | Villager (Male) |
| 16:23 | Build | Watch Tower |
| 16:27 | Build | Palisade Wall |
| 16:31 | Build | Palisade Wall |
| 16:36 | Build | Palisade Wall |
| 17:13 | Queue | Villager (Male) |
| 17:13 | Queue | Villager (Male) |
| 17:13 | Queue | Villager (Male) |
| 17:13 | Queue | Villager (Male) |
| 17:13 | Queue | Villager (Male) |
| 17:14 | Queue | Villager (Male) |
| 17:29 | Build | Market |
| 18:11 | Build | Watch Tower |
| 18:17 | Build | Stone Wall |
| 18:19 | Build | Stone Wall |
| 18:23 | Build | Stone Wall |
| 18:25 | Build | Stone Wall |
| 18:31 | Queue | Villager (Male) |
| 18:31 | Queue | Villager (Male) |
| 18:32 | Queue | Villager (Male) |
| 18:32 | Queue | Villager (Male) |
| 18:32 | Queue | Villager (Male) |
| 18:34 | Build | House |
| 18:54 | Build | Mining Camp |
| 18:59 | Build | Mining Camp |
| 19:04 | Research | Castle Age |
| 19:27 | Build | Stone Wall |
| 19:31 | Build | Stone Wall |
| 19:31 | Build | Stone Wall |
| 19:33 | Build | Stone Wall |
| 19:41 | Build | Stone Wall |
| 19:42 | Build | Stone Wall |
| 19:43 | Build | Stone Wall |
| 19:44 | Build | Stone Wall |
| 19:44 | Build | Stone Wall |
| 19:45 | Build | Stone Wall |
| 19:46 | Build | Stone Wall |
| 19:51 | Build | Stone Wall |
| 19:52 | Build | Stone Wall |
| 19:52 | Build | Stone Wall |
| 19:53 | Build | Stone Wall |
| 19:53 | Build | Stone Wall |
| 19:54 | Build | Stone Wall |
| 19:55 | Build | Stone Wall |
| 20:03 | Build | Farm |
| 20:03 | Build | Farm |
| 20:04 | Build | Farm |
| 20:07 | Research | Horse Collar |
| 20:07 | Research | Horse Collar |
| 20:22 | Build | Stone Wall |
| 20:23 | Build | Stone Wall |
| 20:32 | Build | Stone Wall |
| 20:32 | Build | Stone Wall |
| 21:09 | Build | House |
| 21:26 | Build | Watch Tower |
| 21:53 | Queue | Villager (Male) |
| 21:54 | Queue | Villager (Male) |
| 21:55 | Build | House |
| 21:59 | Age | Castle Age |
| 22:10 | Build | Town Center |
| 22:22 | Build | Town Center |
| 22:59 | Build | Monastery |
| 23:00 | Queue | Villager (Male) ×5 |
| 23:00 | Queue | Villager (Male) ×5 |
| 23:00 | Queue | Villager (Male) ×2 |
| 23:02 | Build | Farm |
| 23:02 | Build | Farm |
| 23:02 | Build | Farm |
| 23:02 | Build | Farm |
| 23:02 | Build | Farm |
| 23:03 | Build | Farm |
| 23:03 | Build | Farm |
| 23:03 | Build | Farm |
| 23:06 | Queue | Villager (Male) |
| 23:06 | Queue | Villager (Male) |
Match timeline
| 8:53 | Mcriddler · wall_segment Palisade Wall x1 |
| 8:58 | YAYA · age_up feudal |
| 9:01 | Mcriddler · age_up feudal |
| 10:38 | YAYA · wall_segment Palisade Wall x8 |
| 11:54 | Mcriddler · wall_segment Palisade Wall x1 |
| 11:58 | Mcriddler · wall_segment Palisade Wall x1 |
| 12:05 | Mcriddler · wall_segment Palisade Wall x1 |
| 12:15 | Mcriddler · wall_segment Palisade Wall x1 |
| 15:18 | Mcriddler · wall_segment Palisade Wall x3 |
| 15:25 | YAYA · first_building Barracks |
| 16:27 | Mcriddler · wall_segment Palisade Wall x1 |
| 16:31 | Mcriddler · wall_segment Palisade Wall x1 |
| 16:36 | Mcriddler · wall_segment Palisade Wall x1 |
| 17:40 | YAYA · first_market_buy 100 food |
| 17:40 | YAYA · first_market_sell 100 wood |
| 18:17 | Mcriddler · wall_segment Stone Wall x1 |
| 18:19 | Mcriddler · wall_segment Stone Wall x1 |
| 18:23 | Mcriddler · wall_segment Stone Wall x1 |
| 18:23 | YAYA · wall_segment Palisade Wall x1 |
| 18:25 | Mcriddler · wall_segment Stone Wall x1 |
| 18:36 | Mcriddler · first_market_sell 100 wood |
| 18:38 | Mcriddler · first_market_buy 100 food |
| 19:27 | Mcriddler · wall_segment Stone Wall x2 |
| 19:31 | Mcriddler · wall_segment Stone Wall x2 |
| 19:31 | Mcriddler · wall_segment Stone Wall x1 |
| 19:33 | Mcriddler · wall_segment Stone Wall x1 |
| 19:41 | Mcriddler · wall_segment Stone Wall x1 |
| 19:42 | Mcriddler · wall_segment Stone Wall x1 |
| 19:43 | Mcriddler · wall_segment Stone Wall x1 |
| 19:44 | Mcriddler · wall_segment Stone Wall x1 |
| 19:44 | Mcriddler · wall_segment Stone Wall x1 |
| 19:45 | Mcriddler · wall_segment Stone Wall x1 |
| 19:46 | Mcriddler · wall_segment Stone Wall x1 |
| 19:51 | Mcriddler · wall_segment Stone Wall x1 |
| 19:52 | Mcriddler · wall_segment Stone Wall x1 |
| 19:52 | Mcriddler · wall_segment Stone Wall x1 |
| 19:53 | Mcriddler · wall_segment Stone Wall x1 |
| 19:53 | Mcriddler · wall_segment Stone Wall x1 |
| 19:54 | Mcriddler · wall_segment Stone Wall x1 |
| 19:55 | Mcriddler · wall_segment Stone Wall x1 |
| 20:22 | Mcriddler · wall_segment Stone Wall x1 |
| 20:23 | Mcriddler · wall_segment Stone Wall x1 |
| 20:32 | Mcriddler · wall_segment Stone Wall x1 |
| 20:32 | Mcriddler · wall_segment Stone Wall x1 |
| 20:47 | YAYA · age_up castle |
| 21:17 | YAYA · first_building Castle |
| 21:59 | Mcriddler · age_up castle |
| 22:59 | Mcriddler · first_building Monastery |
| 23:39 | Mcriddler · wall_segment Stone Wall x1 |
| 23:39 | Mcriddler · wall_segment Stone Wall x1 |
| 23:40 | Mcriddler · wall_segment Stone Wall x1 |
| 23:41 | Mcriddler · wall_segment Stone Wall x1 |
| 23:41 | Mcriddler · wall_segment Stone Wall x1 |
| 23:42 | Mcriddler · wall_segment Stone Wall x1 |
| 23:42 | Mcriddler · wall_segment Stone Wall x1 |
| 23:43 | Mcriddler · wall_segment Stone Wall x1 |
| 23:44 | Mcriddler · wall_segment Stone Wall x1 |
| 23:45 | Mcriddler · wall_segment Stone Wall x1 |
| 23:45 | Mcriddler · wall_segment Stone Wall x1 |
| 23:46 | Mcriddler · wall_segment Stone Wall x1 |
| 23:49 | Mcriddler · wall_segment Stone Wall x1 |
| 23:50 | Mcriddler · wall_segment Stone Wall x1 |
| 23:51 | Mcriddler · wall_segment Stone Wall x1 |
| 23:51 | Mcriddler · wall_segment Stone Wall x1 |
| 23:52 | Mcriddler · wall_segment Stone Wall x1 |
| 23:52 | Mcriddler · wall_segment Stone Wall x1 |
| 23:53 | Mcriddler · wall_segment Stone Wall x1 |
| 23:53 | Mcriddler · wall_segment Stone Wall x1 |
| 24:23 | YAYA · first_building Siege Workshop |
| 25:18 | Mcriddler · wall_segment Stone Wall x10 |
| 25:21 | Mcriddler · wall_segment Stone Wall x28 |
| 25:41 | Mcriddler · wall_segment Stone Wall x7 |
| 25:43 | Mcriddler · wall_segment Stone Wall x3 |
| 25:46 | Mcriddler · wall_segment Stone Wall x1 |
| 25:47 | Mcriddler · wall_segment Stone Wall x1 |
| 25:49 | Mcriddler · wall_segment Stone Wall x1 |
| 27:31 | Mcriddler · wall_segment Stone Wall x1 |
| 27:32 | YAYA · first_building Monastery |
| 27:39 | Mcriddler · wall_segment Stone Wall x9 |
| 32:13 | Mcriddler · first_building Barracks |
| 33:06 | Mcriddler · first_building Stable |
| 33:34 | YAYA · first_building Archery Range |
| 33:36 | Mcriddler · first_building Castle |
| 34:19 | Mcriddler · age_up imperial |
| 36:12 | YAYA · first_building Stable |
| 36:25 | YAYA · age_up imperial |
| 38:42 | Mcriddler · wall_segment Stone Wall x16 |
| 41:30 | YAYA · resign |
[ AI ANALYSIS · 1 CREDIT ]
What really happened in this match?
Wolo.gg analyzes every decision: build order, eco, micro, common mistakes by bracket. Personalized analysis on WhatsApp or Discord in 30 seconds.
Civ guide
Wei
Perfil
Jugador #11964270